 Dungeon Crawl Stone Soup version 0.21-a0-513-gdcb3f5e (webtiles) character file.

146517 theanonym the Unseen (level 16, 0/149 HPs)
             Began as a Black Draconian Assassin on Dec 1, 2017.
             Was the Champion of Ashenzari.
             Slain by the 27-headed Lernaean hydra (11 damage)
             ... on level 4 of the Swamp.
             The game lasted 02:05:10 (38008 turns).

theanonym the Unseen (Black Draconian Assassin)    Turns: 38008, Time: 02:05:10

Health: 0/149      AC: 14    Str: 14    XL:     16   Next: 89%
Magic:  21/21      EV: 30    Int: 16    God:    Ashenzari [******]
Gold:   2132       SH: 16    Dex: 19    Spells: 10/15 levels left

rFire    + . .     SeeInvis +   a - +5 dagger (distort) (curse)
rCold    + + .     Gourm    .   V - +2 shield "Qycvyap" {rPois Int+4} (curse)
rNeg     . . .     Faith    .   (armour unavailable)
rPois    +         Spirit   .   g - +2 hat (curse)
rElec    +         Reflect  .   A - scarf {rC+ rF+} (curse)
rCorr    .         Harm     .   M - +1 pair of gloves
MR       +....     Clarity  +   U - +0 pair of boots of Spring Thaw {Stlth+} (curse)
Stlth    ++++++++..             j - amulet of regeneration (curse) {+regen}
HPRegen  0.74/turn              R - +4 ring of evasion (curse)
MPRegen  0.17/turn              I - ring of protection from cold {rC+}

@: flying, hasted, very quick
A: breathe lightning, unfitting armour, big wings, electricity resistance,
cold-blooded, AC +9
a: Breathe Lightning, Stop Flying, Curse Item, Scrying, Transfer Knowledge,
Renounce Religion


Innate Abilities, Weirdness & Mutations

You can breathe wild blasts of lightning.
Your glossy black scales are hard. (AC +9)
You cannot fit into any form of body armour.
Your large and strong wings let you fly indefinitely.
You are resistant to electric shocks. (rElec)
You are cold-blooded and may be slowed by cold attacks.


   Skills:
 * Level 15.5 Fighting
 - Level 10.1(14.4) Short Blades
 - Level 1.7 Throwing
 + Level 13.0(15.6) Dodging
 + Level 15.6(18.1) Stealth
 - Level 12.3(15.0) Shields
 - Level 0.2 Spellcasting
 - Level 2.5(5.0) Hexes
 - Level 7.8(10.8) Evocations


You had 10 spell levels left.
You knew the following spells:

 Your Spells              Type           Power        Failure   Level  Hunger
a - Confuse               Hex            ###.....     10%         3    ####...
b - Ensorcelled Hibernat  Hex/Ice        #.....       12%         2    ###....

Skill      XL: |  1  2  3  4  5  6  7  8  9 10 11 12 13 14 15 16 |
---------------+-------------------------------------------------+-----
Short Blades   | 3 5 6 7 10 | 10.1
Stealth        | 4 5 6 8 9 10 11 12 13 14 15 | 15.6
Dodging        | 4 6 8 9 10 11 12 13 | 13.0
Fighting       | 5 7 9 11 12 13 14 15 | 15.5
Shields        | 4 9 12 | 12.3
Evocations     | 2 6 7 |  7.8
Hexes          | 2 |  2.5
Throwing       | |  1.7
Spellcasting   | |  0.2

Action                   |  1- 3 |  4- 6 |  7- 9 | 10-12 | 13-15 | 16-18 || total
-------------------------+-------+-------+-------+-------+-------+-------++-------
Melee: Dagger            |    81 |   271 |   885 |  1143 |  2397 |   706 ||  5483
       Tailslap          |     9 |    38 |   115 |   186 |   437 |   127 ||   912
 Fire: Blowgun           |     7 |       |     3 |       |       |       ||    10
Throw: Throwing net      |       |       |       |     9 |     9 |       ||    18
 Cast: Confuse           |       |       |       |       |     4 |       ||     4
Invok: Curse Item        |       |       |     1 |     2 |     5 |       ||     8
 Abil: Breathe Lightning |       |       |    23 |    34 |    36 |    17 ||   110
       Fly               |       |       |       |       |     1 |       ||     1
Evoke: Wand              |       |       |     6 |    23 |    41 |    16 ||    86
       Phial of floods   |       |       |       |       |     3 |     1 ||     4
       Lamp of fire      |       |       |       |       |       |     3 ||     3
  Use: Scroll            |     2 |     1 |     6 |    15 |    15 |     1 ||    40
       Potion            |       |     1 |     4 |     5 |    12 |     4 ||    26
 Stab: Sleeping          |     7 |    10 |    18 |    31 |    21 |     1 ||    88
       Distracted        |       |     2 |     5 |     9 |    30 |     8 ||    54
       Held in net/web   |       |       |       |     4 |     4 |       ||     8
       Paralysed         |       |       |       |       |     3 |       ||     3
       Confused          |       |       |       |       |     2 |       ||     2
  Eat: Chunk             |     2 |     5 |    23 |    18 |    33 |     5 ||    86
       Meat ration       |       |       |       |     4 |     5 |     2 ||    11
       Bread ration      |       |       |       |       |     1 |       ||     1
Armor: Skin              |    32 |   100 |   211 |   167 |   282 |    62 ||   854
Dodge: Dodged            |    52 |   135 |   324 |   626 |  1381 |   570 ||  3088
Block: Buckler           |       |       |       |   119 |   391 |       ||   510
       Shield            |       |       |       |       |   199 |   479 ||   678

Inventory:

Hand Weapons
 a - a cursed +5 dagger of distortion (weapon)
   (You took it off Psyche on level 10 of the Dungeon)
Missiles
 u - 2 javelins
 H - 35 tomahawks
 K - a throwing net (quivered)
Armour
 g - a cursed +2 hat (worn)
   (You found it on level 1 of the Dungeon)
 A - a cursed scarf of resistance (worn)
   (You found it on level 7 of the Dungeon)
 M - a +1 pair of gloves (worn)
   (You found it on level 13 of the Dungeon)
 U - the cursed +0 pair of boots of Spring Thaw (worn) {Stlth+}
   (You bought it in a shop on level 2 of the Orcish Mines)

   It makes you more stealthy.
   It has a curse placed upon it.
 V - the cursed +2 shield "Qycvyap" (worn) {rPois Int+4}
   (You bought it in a shop on level 2 of the Orcish Mines)

   It affects your intelligence (+4).
   It protects you from poison.
   It has a curse placed upon it.
Jewellery
 j - a cursed amulet of regeneration (around neck) {+regen}
   (You found it on level 2 of the Dungeon)
 n - an uncursed ring of positive energy {rN+}
   (You found it on level 1 of the Swamp)
 p - an uncursed ring of stealth {Stlth+}
   (You found it on level 1 of the Spider Nest)
 s - the ring of the Mage {Wiz MR++ Int+3}
   (You found it on level 5 of the Dungeon)

   [ring of wizardry]

   It improves your spell success rate.
   It affects your intelligence (+3).
   It affects your resistance to hostile enchantments.
 I - a ring of protection from cold (right hand) {rC+}
   (You found it in an ice cave)
 R - a cursed +4 ring of evasion (left hand)
   (You found it on level 13 of the Dungeon)
Wands
 c - a wand of clouds (1)
   (You found it on level 2 of the Spider Nest)
 d - a wand of digging (16)
   (You found it on level 7 of the Dungeon)
 o - a wand of flame (139)
   (You found it on level 4 of the Dungeon)
 v - a wand of acid (29)
   (You took it off Psyche on level 10 of the Dungeon)
 F - a wand of iceblast (3)
   (You found it in an ice cave)
 O - a wand of random effects (34)
   (You found it on level 11 of the Dungeon)
 P - a wand of scattershot (9)
   (You found it on level 13 of the Dungeon)
Scrolls
 b - 2 scrolls of blinking
 f - 3 scrolls of fog {!r}
 i - 5 scrolls of immolation
 r - a scroll of identify
 t - 7 scrolls of teleportation {!r}
 y - a scroll of magic mapping {!r}
 D - 6 scrolls of enchant armour
 N - 6 scrolls of brand weapon {!r}
 X - a scroll of remove curse
Potions
 l - 5 potions of mutation
 m - 2 potions of resistance
 q - 4 potions of heal wounds
 w - 6 potions of curing
 x - 4 potions of haste
 z - 4 potions of ambrosia
 E - a potion of invisibility
 G - 3 potions of lignification
 J - a potion of berserk rage {!q}
 L - 3 potions of might
 T - 2 potions of agility
Books
 h - a book of the Sky
   (You found it on level 3 of the Swamp)

   Spells                             Type                      Level
   a - Summon Lightning Spire         Summoning/Air                4
   b - Silence                        Hexes/Air                    5
   c - Deflect Missiles               Charms/Air                   6
   d - Conjure Ball Lightning         Conjuration/Air              6
   e - Tornado                        Air                          9
Miscellaneous
 B - a phial of floods
   (You found it on level 5 of the Lair of Beasts)
 C - a lightning rod (4/4)
   (You found it on level 4 of the Swamp)
 S - a lamp of fire (inert)
   (You found it on level 2 of the Spider Nest)
Comestibles
 e - 23 bread rations
 k - 12 royal jellies
 Q - 2 meat rations
 W - 3 chunks of flesh

Dungeon Overview and Level Annotations

Branches:
Dungeon (13/15)            Temple (1/1) D:6            Lair (6/6) D:11
  Swamp (4/4) Lair:2       Spider (4/4) Lair:3        Slime (0/5) Lair:6
    Orc (2/2) D:11            Elf (0/3) Orc:2        Vaults (0/5) D:13

Altars:
Ashenzari
Cheibriados
Elyvilon
Fedhas
Gozag
Hepliaklqana
Kikubaaqudgha
Makhleb
Nemelex Xobeh
Qazlal
Ru
Sif Muna
Trog
Uskayaw
Vehumet
Xom
Yredelemnul
Zin
Beogh
Jiyva

Shops:
D:6 !   D:12 [   D:13 !   Orc:1 *   Orc:2 [!:}

Annotations:
D:13 nht's ghost, journeyman TrFi
Lair:6 exclusion: 3 doors
Swamp:4 Lernaean hydra
Spider:4 Mara
Abyss:1 Aizul; Roxanne


You were on level 4 of the Swamp.
You worshipped Ashenzari.
Ashenzari was exalted by your worship.
You were not hungry.

You visited 6 branches of the dungeon, and saw 30 of its levels.
You also visited: Sewer and Ice Cave.

You collected 3550 gold pieces.
You spent 1418 gold pieces at shops.


Message History

You now have 2132 gold pieces (gained 356).
G - 3 potions of lignification (gained 1)
You reach down and open the door.
There is an open door here.
You see here 19 stones.
You sense a monster nearby.
r - a scroll of identify;
W - 3 chunks of flesh You reach down and open the door.
Found four items.
There is an open door here.
The 27-headed Lernaean hydra is nearby!
The 27-headed Lernaean hydra is nearby!
The 27-headed Lernaean hydra is nearby!
You catch the helpless 27-headed Lernaean hydra completely off-guard!
You perforate the 27-headed Lernaean hydra like a sieve!!!
Space bends around the 27-headed Lernaean hydra.
The 27-headed Lernaean hydra misses you. x2
The 27-headed Lernaean hydra bites you!
You block the 27-headed Lernaean hydra's attack.
The 27-headed Lernaean hydra bites you!
You block the 27-headed Lernaean hydra's attack.
The 27-headed Lernaean hydra completely misses you.
The 27-headed Lernaean hydra bites you but does no damage.
The 27-headed Lernaean hydra closely misses you.
The 27-headed Lernaean hydra completely misses you.
You block the 27-headed Lernaean hydra's attack.
The 27-headed Lernaean hydra completely misses you.
The 27-headed Lernaean hydra bites you! The 27-headed Lernaean hydra bites you.
The 27-headed Lernaean hydra completely misses you.
The 27-headed Lernaean hydra bites you but does no damage.
The 27-headed Lernaean hydra misses you.
The 27-headed Lernaean hydra bites you.
The 27-headed Lernaean hydra closely misses you.
The 27-headed Lernaean hydra bites you but does no damage.
The 27-headed Lernaean hydra misses you.
The 27-headed Lernaean hydra bites you but does no damage.
The 27-headed Lernaean hydra bites you!
The 27-headed Lernaean hydra completely misses you. x3
The 27-headed Lernaean hydra bites you but does no damage.
You take 43 damage, and have 106/149 hp.
MASSIVE DAMAGE!!
Aim: the 27-headed Lernaean hydra (heavily wounded)
You create a blast of poison gas!
You block the 27-headed Lernaean hydra's attack.
The 27-headed Lernaean hydra bites you!
The 27-headed Lernaean hydra barely misses you.
The 27-headed Lernaean hydra bites you but does no damage.
The 27-headed Lernaean hydra completely misses you.
The 27-headed Lernaean hydra bites you.
The 27-headed Lernaean hydra barely misses you.
The 27-headed Lernaean hydra bites you.
You block the 27-headed Lernaean hydra's attack. x2
The 27-headed Lernaean hydra bites you.
The 27-headed Lernaean hydra barely misses you.
The 27-headed Lernaean hydra bites you. x3
You block the 27-headed Lernaean hydra's attack.
The 27-headed Lernaean hydra bites you but does no damage.
You block the 27-headed Lernaean hydra's attack.
The 27-headed Lernaean hydra completely misses you. x2
The 27-headed Lernaean hydra barely misses you.
The 27-headed Lernaean hydra bites you!
* * * LOW HITPOINT WARNING * * *
The 27-headed Lernaean hydra bites you but does no damage.
The 27-headed Lernaean hydra misses you.
The 27-headed Lernaean hydra bites you.
* * * LOW HITPOINT WARNING * * *
The 27-headed Lernaean hydra bites you.
* * * LOW HITPOINT WARNING * * *
The 27-headed Lernaean hydra barely misses you.
You take 45 damage, and have 61/149 hp.
MASSIVE DAMAGE!!
You feel yourself speed up.
You block the 27-headed Lernaean hydra's attack. x2
The 27-headed Lernaean hydra bites you!
* * * LOW HITPOINT WARNING * * *
The 27-headed Lernaean hydra closely misses you.
You block the 27-headed Lernaean hydra's attack. x2
The 27-headed Lernaean hydra bites you!
* * * LOW HITPOINT WARNING * * *
The 27-headed Lernaean hydra bites you.
* * * LOW HITPOINT WARNING * * *
The 27-headed Lernaean hydra bites you!
* * * LOW HITPOINT WARNING * * *
The 27-headed Lernaean hydra bites you but does no damage.
You block the 27-headed Lernaean hydra's attack.
The 27-headed Lernaean hydra completely misses you.
The 27-headed Lernaean hydra barely misses you.
The 27-headed Lernaean hydra closely misses you.
The 27-headed Lernaean hydra misses you. x2
The 27-headed Lernaean hydra bites you but does no damage.
The 27-headed Lernaean hydra completely misses you.
The 27-headed Lernaean hydra bites you but does no damage. x2
The 27-headed Lernaean hydra completely misses you.
The 27-headed Lernaean hydra bites you!
* * * LOW HITPOINT WARNING * * *
The 27-headed Lernaean hydra bites you!
* * * LOW HITPOINT WARNING * * *
The 27-headed Lernaean hydra bites you but does no damage.
The 27-headed Lernaean hydra misses you.
The 27-headed Lernaean hydra bites you!
You die...

♣≈..≈..P.≈.................≈
♣♣..♣≈#≈...#.≈.⌠#⌠......≈...
♣♣♣♣..≈..#.##.###..#.##.≈..
♣≈#....#≈..⌠#⌠.≈.#≈...#.
♣.......P≈≈.#≈.≈P...PP..
♣≈#.(P8.(..≈...≈(.8§(.#≈
♣≈..≈.!..(....≈8≈.....#
♣≈####+#..P.#.≈..#'#### *
#§§§D@.(≈.#..(.'....##
#§§§§.#≈≈P..P...#.....#
#§§φ..#.8P..≈.(.#.....#
#[?...#≈.....≈..#....)#
##(..####...#+####...##
#####≈≈≈.....≈≈≈#####
♣♣♣♣♣♣♣♣♣♣♣♣♣


You could see the 27-headed Lernaean hydra.

Notes
Turn   | Place    | Note
-------+----------+-------------------------------------------
     0 | D:1      | theanonym the Draconian Assassin began the quest for the Orb.
     0 | D:1      | Reached XP level 1. HP: 17/17 MP: 1/1
   287 | D:1      | Reached XP level 2. HP: 24/24 MP: 2/2
   724 | D:2      | HP: 12/24 [quokka (5)]
   968 | D:2      | Reached skill level 3 in Short Blades
   988 | D:2      | HP: 5/24 [iguana (12)]
  1318 | D:2      | Noticed Jessica
  1323 | D:2      | Killed Jessica
  1323 | D:2      | Reached skill level 4 in Stealth
  1323 | D:2      | Reached XP level 3. HP: 18/29 MP: 3/3
  1549 | D:2      | HP: 10/29 [iguana (12)]
  1749 | D:2      | HP: 5/29 [iguana (10)]
  1755 | D:2      | Reached XP level 4. HP: 10/36 MP: 4/4
  1873 | D:3      | Noticed Grinder
  1883 | D:3      | HP: 17/36 [Grinder/nerve-wracking pain (14)]
  1895 | D:3      | HP: 15/36 [orc/club (5)]
  1897 | D:3      | HP: 7/36 [Grinder/nerve-wracking pain (9)]
  1898 | D:3      | Killed Grinder
  1898 | D:3      | Reached skill level 5 in Short Blades
  1898 | D:3      | Reached skill level 5 in Stealth
  1898 | D:3      | Reached XP level 5. HP: 8/41 MP: 5/5
  1898 | D:3      | Reached XP level 6. HP: 9/48 MP: 6/6
  1923 | D:2      | HP: 21/48 [adder (2)]
  1929 | D:2      | HP: 21/48 [poisoned by an adder]
  1936 | D:2      | HP: 22/48 [poisoned by an adder]
  2278 | D:3      | Noticed Natasha
  2294 | D:3      | HP: 23/48 [Natasha (7)]
  2295 | D:3      | Killed Natasha
  2631 | D:3      | Found a burning altar of Makhleb.
  2632 | D:3      | Found a radiant altar of Vehumet.
  2634 | D:3      | Reached skill level 6 in Short Blades
  2761 | D:4      | Found a glowing drain.
  2798 | Sewer    | Entered a sewer
  2935 | Sewer    | Your scales start taking on a glossy black colour.
  2935 | Sewer    | Reached XP level 7. HP: 49/55 MP: 7/7
  2935 | Sewer    | Gained mutation: You are resistant to electric shocks. (rElec) [Black Draconian growth]
  3353 | D:4      | Noticed Thaneod's ghost (amateur MiHu)
  3368 | D:4      | Killed Thaneod's ghost
  3368 | D:4      | Reached skill level 7 in Short Blades
  3368 | D:4      | Reached skill level 6 in Stealth
  3394 | D:4      | Reached XP level 8. HP: 47/61 MP: 8/8
  3581 | D:4      | Reached skill level 8 in Short Blades
  3909 | D:5      | Entered Level 5 of the Dungeon
  3962 | D:5      | Found the ring of the Mage {Wiz MR++ Int+3}
  4322 | D:5      | Found a hazy altar of Hepliaklqana.
  4458 | D:5      | Reached skill level 7 in Stealth
  4786 | D:5      | Reached skill level 9 in Short Blades
  5423 | D:6      | Noticed Pikel
  5531 | D:5      | HP: 29/61 [Pikel/whip of freezing (7)]
  5532 | D:5      | HP: 14/61 [Pikel/whip of freezing (12)]
  5545 | D:5      | Killed Pikel
  5545 | D:5      | Reached skill level 10 in Short Blades
  5545 | D:5      | Reached skill level 8 in Stealth
  5545 | D:5      | Reached XP level 9. HP: 38/67 MP: 9/9
  5613 | D:6      | Found a glowing silver altar of Zin.
  5613 | D:6      | Found a faded altar of an unknown god.
  5618 | D:6      | Found a snail-covered altar of Cheibriados.
  5620 | D:6      | Found a sacrificial altar of Ru.
  5622 | D:6      | Found a bloodstained altar of Trog.
  5654 | D:6      | Reached skill level 1 in Dodging
  5664 | D:6      | Found Bahon's Distillery.
  5687 | D:6      | HP: 24/68 [orc warrior/flail of protection (16)]
  5744 | D:5      | HP: 27/68 [orc warrior/flail of protection (18)]
  5755 | D:5      | HP: 32/102 [orc warrior/flail of protection (12)]
  5775 | D:5      | HP: 30/102 [freed slave[Pikel] (4)]
  5884 | D:6      | HP: 26/68 [orc warrior/hand axe of freezing (18)]
  5889 | D:5      | HP: 18/68 [bounced beam (10)]
  5997 | D:6      | Reached skill level 3 in Fighting
  6083 | D:6      | Found a shimmering altar of Xom.
  6165 | D:6      | Bought a potion of haste for 140 gold pieces
  6165 | D:6      | Bought a potion of heal wounds for 70 gold pieces
  6165 | D:6      | Bought a potion of agility for 56 gold pieces
  6250 | D:6      | Found a staircase to the Ecumenical Temple.
  6256 | Temple   | Entered the Ecumenical Temple
  6304 | Temple   | Became a worshipper of Ashenzari the Shackled
  6361 | D:6      | Reached skill level 2 in Dodging
  6376 | D:6      | HP: 33/69 [orc warrior/trident (12)]
  6380 | D:6      | HP: 12/69 [orc warrior/trident (13)]
  6402 | D:6      | HP: 8/69 [orc warrior/trident (17)]
  7469 | D:7      | Reached skill level 4 in Fighting
  8078 | D:7      | Reached skill level 3 in Dodging
  8521 | D:8      | Reached skill level 9 in Stealth
  8557 | D:8      | Reached skill level 5 in Fighting
  8673 | D:8      | Reached skill level 4 in Dodging
  8673 | D:8      | Reached XP level 10. HP: 78/81 MP: 10/10
  8895 | D:8      | Reached * piety under Ashenzari
  9381 | D:9      | Reached skill level 6 in Fighting
  9595 | D:9      | Found a sacrificial altar of Ru.
  9884 | D:9      | Found a shattered altar of Ashenzari.
  9996 | D:10     | Entered Level 10 of the Dungeon
  9998 | D:10     | Noticed Psyche
 10014 | D:10     | Killed Psyche
 10014 | D:10     | Reached skill level 5 in Dodging
 10131 | D:10     | Noticed Nergalle
 10133 | D:10     | Killed Nergalle
 10149 | D:10     | Reached skill level 7 in Fighting
 10149 | D:10     | Reached skill level 10 in Stealth
 10278 | D:10     | Noticed Harold
 10280 | D:10     | Killed Harold
 10280 | D:10     | Reached skill level 6 in Dodging
 10534 | D:10     | Noticed a two-headed ogre
 10764 | D:10     | Banished a two-headed ogre
 10764 | D:10     | Reached XP level 11. HP: 94/94 MP: 11/11
 11361 | D:11     | Reached skill level 8 in Fighting
 11568 | D:11     | Found a staircase to the Orcish Mines.
 11571 | D:11     | Reached ** piety under Ashenzari
 11577 | D:11     | Found a staircase to the Lair.
 11586 | D:11     | HP: 44/94 [manticore (7)]
 11589 | D:11     | HP: 17/94 [manticore/volley of spikes (15)]
 11590 | D:11     | HP: 4/94 [manticore/volley of spikes (13)]
 11594 | D:11     | Reached skill level 7 in Dodging
 12168 | D:11     | Reached skill level 11 in Stealth
 12452 | Orc:1    | Entered Level 1 of the Orcish Mines
 12482 | Orc:1    | HP: 43/94 [orc warrior/tomahawk (17)]
 12764 | Orc:1    | Noticed an orc sorcerer
 12783 | Lair:1   | Entered Level 1 of the Lair of Beasts
 12826 | Lair:1   | Reached skill level 9 in Fighting
 12921 | Lair:1   | HP: 48/96 [killer bee (3)]
 12926 | Lair:1   | HP: 39/96 [poisoned by a killer bee]
 12931 | Lair:1   | HP: 35/96 [poisoned by a killer bee]
 12936 | Lair:1   | HP: 24/96 [komodo dragon (10)]
 12942 | Lair:1   | HP: 24/96 [poisoned by a killer bee]
 12948 | Lair:1   | HP: 25/96 [poisoned by a killer bee]
 12953 | Lair:1   | HP: 26/96 [poisoned by a killer bee]
 12961 | Lair:1   | HP: 30/96 [poisoned by a killer bee]
 12966 | Lair:1   | HP: 22/96 [poisoned by a killer bee]
 12972 | Lair:1   | HP: 21/96 [poisoned by a killer bee]
 12978 | Lair:1   | HP: 20/96 [poisoned by a killer bee]
 12984 | Lair:1   | HP: 21/96 [poisoned by a killer bee]
 12990 | Lair:1   | HP: 23/96 [poisoned by a killer bee]
 12998 | Lair:1   | HP: 26/96 [poisoned by a killer bee]
 13060 | Lair:1   | HP: 45/96 [komodo dragon (6)]
 13066 | Lair:1   | HP: 29/96 [poisoned by a killer bee]
 13071 | Lair:1   | HP: 31/96 [poisoned by a killer bee]
 13249 | Lair:1   | Reached skill level 1 in Shields
 13357 | Lair:1   | Noticed a five-headed hydra
 13368 | Lair:1   | HP: 48/96 [five-headed hydra (9)]
 13370 | Lair:1   | Killed a five-headed hydra
 13370 | Lair:1   | Reached skill level 3 in Shields
 13374 | Lair:1   | HP: 40/96 [poisoned by a killer bee]
 13379 | Lair:1   | HP: 42/96 [poisoned by a killer bee]
 13386 | Lair:1   | HP: 44/96 [poisoned by a killer bee]
 13391 | Lair:1   | HP: 39/96 [bounced beam (7)]
 13396 | Lair:1   | HP: 34/96 [killer bee (7)]
 13592 | Lair:1   | Reached skill level 4 in Shields
 13767 | Lair:1   | Identified the +5 glaive of Sunlight {freeze, *Slow rF+ rN+}
 13948 | Lair:1   | Reached skill level 8 in Dodging
 14072 | Lair:1   | Reached XP level 12. HP: 105/105 MP: 12/12
 14503 | Lair:1   | Reached skill level 10 in Fighting
 14508 | Lair:1   | HP: 52/105 [spriggan/rapier (4)]
 14519 | Lair:1   | HP: 44/105 [elephant (13)]
 14525 | Lair:1   | HP: 40/105 [shot self (7)]
 14533 | Lair:1   | HP: 35/105 [spriggan/rapier (9)]
 14768 | Lair:2   | Noticed a four-headed hydra
 14781 | Lair:2   | Killed a four-headed hydra
 14860 | Lair:2   | Reached skill level 12 in Stealth
 15185 | Lair:2   | Found a staircase to the Swamp.
 15516 | Lair:2   | Reached *** piety under Ashenzari
 16178 | Lair:3   | Reached skill level 9 in Dodging
 16295 | Lair:3   | Noticed a five-headed hydra
 16408 | Lair:3   | Banished a five-headed hydra
 16408 | Lair:3   | Reached skill level 11 in Fighting
 16548 | Lair:3   | Found a frozen archway.
 16560 | IceCv    | Entered an ice cave
 16837 | IceCv    | Reached skill level 1 in Evocations
 17051 | IceCv    | Reached skill level 2 in Evocations
 17127 | IceCv    | Noticed a death yak
 17189 | IceCv    | Noticed a death yak
 17238 | IceCv    | Reached XP level 13. HP: 84/115 MP: 14/14
 17413 | IceCv    | Noticed a frost giant
 17434 | IceCv    | Reached skill level 3 in Evocations
 17436 | IceCv    | Killed a frost giant
 17436 | IceCv    | HP: 44/115 [frost giant/exploding inner flame[the player character] (19)]
 17605 | IceCv    | Identified the cursed +3 demon trident of Kidabaew {drain, Int+4}
 17799 | Lair:3   | Found a hole to the Spider Nest.
 17820 | Lair:3   | Reached skill level 4 in Evocations
 17821 | Lair:3   | HP: 58/116 [poisoned by a redback]
 17826 | Lair:3   | HP: 52/116 [poisoned by a redback]
 17831 | Lair:3   | HP: 35/116 [poisoned by a redback]
 17836 | Lair:3   | HP: 32/116 [poisoned by a redback]
 17841 | Lair:3   | HP: 32/116 [poisoned by a redback]
 17846 | Lair:3   | HP: 32/116 [poisoned by a redback]
 17851 | Lair:3   | HP: 33/116 [poisoned by a redback]
 17858 | Lair:3   | HP: 36/116 [poisoned by a redback]
 17866 | Lair:3   | HP: 40/116 [poisoned by a redback]
 18142 | Lair:3   | Reached skill level 13 in Stealth
 18158 | Lair:3   | Reached skill level 10 in Dodging
 18892 | Lair:4   | Reached **** piety under Ashenzari
 19269 | Lair:4   | Reached skill level 12 in Fighting
 19691 | Lair:5   | Reached skill level 5 in Evocations
 19961 | Lair:5   | HP: 58/117 [elephant (9)]
 20535 | Lair:5   | Reached ***** piety under Ashenzari
 20884 | Lair:6   | Entered Level 6 of the Lair of Beasts
 20890 | Lair:5   | Reached skill level 6 in Evocations
 21055 | Lair:6   | Found a staircase to the Slime Pits.
 21055 | Lair:6   | Found a viscous altar of Jiyva.
 21244 | Lair:6   | HP: 57/119 [seven-headed hydra (10)]
 21645 | Lair:6   | Gained mutation: Your large and strong wings let you fly indefinitely. [Black Draconian growth]
 21645 | Lair:6   | Reached XP level 14. HP: 109/127 MP: 18/18
 22622 | Orc:1    | Reached skill level 11 in Dodging
 22636 | Orc:1    | Noticed an orc warlord
 22650 | Orc:1    | Killed an orc warlord
 22650 | Orc:1    | Reached skill level 7 in Evocations
 22775 | Orc:1    | Noticed Erica
 22789 | Orc:1    | Killed Erica
 22789 | Orc:1    | Reached skill level 13 in Fighting
 22862 | Orc:1    | Found Ewosobon's Assorted Antiques.
 22866 | Orc:1    | Bought a potion of might for 100 gold pieces
 22866 | Orc:1    | Bought a fuming grey potion for 22 gold pieces
 23059 | Orc:1    | HP: 63/129 [poisoned by an orange demon]
 23064 | Orc:1    | HP: 45/129 [poisoned by an orange demon]
 23069 | Orc:1    | HP: 28/129 [poisoned by an orange demon]
 23075 | Orc:1    | HP: 28/129 [poisoned by an orange demon]
 23081 | Orc:1    | HP: 30/129 [poisoned by an orange demon]
 23088 | Orc:1    | HP: 31/129 [poisoned by an orange demon]
 23561 | D:12     | Noticed Kirke
 23572 | D:12     | Reached skill level 14 in Stealth
 23735 | D:12     | HP: 57/129 [lindwurm[Kirke] (16)]
 23743 | D:12     | HP: 47/129 [bounced beam (1)]
 23744 | D:12     | Noticed a sphinx
 24023 | D:11     | HP: 57/129 [red ugly thing (11)]
 24564 | D:12     | Found Lasomuri's Armour Emporium.
 25484 | D:12     | Killed Kirke
 25768 | D:13     | Found Utal's Distillery.
 25811 | D:13     | Bought a potion of mutation for 120 gold pieces
 26029 | D:13     | Noticed nht's ghost (journeyman TrFi)
 26075 | D:13     | HP: 49/129 [nht's ghost (39)]
 26077 | D:13     | HP: 1/129 [nht's ghost (39)]
 26501 | D:13     | Found a gate to the Vaults.
 26518 | D:13     | Learned a level 3 spell: Confuse
 26521 | D:13     | Learned a level 2 spell: Ensorcelled Hibernation
 26615 | Swamp:1  | Entered Level 1 of the Swamp
 26732 | Swamp:1  | HP: 58/129 [seven-headed hydra (13)]
 26733 | Swamp:1  | Reached skill level 1 in Hexes
 26932 | Lair:2   | HP: 65/130 [poisoned by a spiny frog]
 26937 | Lair:2   | HP: 57/130 [poisoned by a spiny frog]
 26942 | Lair:2   | HP: 53/130 [poisoned by a spiny frog]
 26947 | Lair:2   | HP: 50/130 [poisoned by a spiny frog]
 26952 | Lair:2   | HP: 50/130 [poisoned by a spiny frog]
 26957 | Lair:2   | HP: 50/130 [poisoned by a spiny frog]
 26962 | Lair:2   | HP: 52/130 [poisoned by a spiny frog]
 26969 | Lair:2   | HP: 55/130 [poisoned by a spiny frog]
 26977 | Lair:2   | HP: 59/130 [poisoned by a spiny frog]
 27127 | Swamp:1  | Noticed a thorn hunter
 27176 | Swamp:1  | Reached skill level 2 in Hexes
 27203 | Swamp:1  | Reached ****** piety under Ashenzari
 27228 | Swamp:1  | HP: 57/130 [thorn hunter/volley of thorns (28)]
 27345 | Lair:2   | HP: 54/130 [thorn hunter/volley of thorns (21)]
 27353 | Lair:2   | HP: 50/130 [thorn hunter (9)]
 28451 | Swamp:2  | Reached XP level 15. HP: 120/137 MP: 8/20
 28599 | Swamp:2  | HP: 68/137 [slime creature (10)]
 28608 | Swamp:2  | HP: 28/137 [slime creature (16)]
 28611 | Swamp:2  | Reached skill level 5 in Shields
 28664 | Swamp:2  | HP: 53/137 [shambling mangrove (13)]
 28683 | Swamp:2  | HP: 56/137 [spriggan rider/spear (9)]
 28704 | Swamp:2  | HP: 68/137 [swamp drake] (2)]
 29042 | Swamp:2  | Reached skill level 14 in Fighting
 29052 | Swamp:2  | Reached skill level 12 in Dodging
 29196 | Swamp:2  | Paralysed by a hornet for 1 turns
 29197 | Swamp:2  | HP: 64/138 [blink frog (11)]
 29202 | Swamp:2  | HP: 46/138 [poisoned by a hornet]
 29208 | Swamp:2  | HP: 35/138 [poisoned by a hornet]
 29213 | Swamp:2  | HP: 35/138 [poisoned by a hornet]
 29218 | Swamp:2  | HP: 36/138 [poisoned by a hornet]
 29224 | Swamp:2  | HP: 38/138 [poisoned by a hornet]
 29232 | Swamp:2  | HP: 42/138 [poisoned by a hornet]
 29278 | Swamp:1  | HP: 64/138 [spiny frog (10)]
 29764 | Swamp:2  | Paralysed by a hornet for 3 turns
 30195 | Swamp:3  | theanonym: !lg * win dr s=title
 30195 | Swamp:3  | beem: 2335 games for * (win dr): 342x Slayer, 231x Conqueror, 127x Grand Master, 117x Archmage, 109x Middleweight Champion, 99x Sensei, 79x Sorcerer, 61x Meteorologist, 58x Infernalist, 49x Acrobat, 49x Warrior, 45x Pyromancer, 45x Wrestler, 43x Ruinous, 41x Petrodigitator, 35x Devastator, 35x Annihilator, 34x Englaciator, 30x Metallomancer, 30x Hoplite, 29x Phalangite, 28x Cryomancer, 25x Draconian B...
 30195 | Swamp:3  | theanonym: ??grand master
 30195 | Swamp:3  | beem: I don't have a page labeled grand_master in my learndb.
 30228 | Swamp:3  | HP: 61/138 [spectral alligator[a ghost crab] (10)]
 30464 | Swamp:3  | Noticed Roxanne
 30658 | Swamp:3  | Noticed Aizul
 30667 | Swamp:3  | Banished Aizul
 30875 | Swamp:3  | Reached skill level 15 in Stealth
 31134 | Orc:2    | Entered Level 2 of the Orcish Mines
 31400 | Orc:2    | Found a staircase to the Elven Halls.
 31707 | Orc:2    | Found a radiant altar of Vehumet.
 31719 | Orc:2    | Found Hecseteg's Book Shop.
 31787 | Orc:2    | Found Qifussat's Gadget Shop.
 31789 | Orc:2    | Found a roughly hewn altar of Beogh.
 31796 | Orc:2    | Found Liejukhlai's Antique Armour Boutique.
 31808 | Orc:2    | Found an ancient bone altar of Kikubaaqudgha.
 31879 | Orc:2    | Found Ajul's Distillery.
 31886 | Orc:2    | Bought a potion of heal wounds for 80 gold pieces
 31886 | Orc:2    | Bought a potion of agility for 64 gold pieces
 31886 | Orc:2    | Bought a potion of agility for 64 gold pieces
 31893 | Orc:2    | Bought a pair of shimmering boots for 351 gold pieces
 31893 | Orc:2    | Bought an ichor-stained shield for 351 gold pieces
 31893 | Orc:2    | Identified the +2 shield "Qycvyap" {rPois Int+4} (You bought it in a shop on level 2 of the Orcish Mines)
 31898 | Orc:2    | Identified the cursed +0 pair of boots of Spring Thaw {Stlth+} (You bought it in a shop on level 2 of the Orcish Mines)
 32310 | Spider:1 | Entered Level 1 of the Spider Nest
 32399 | Spider:1 | Reached skill level 6 in Shields
 32793 | Spider:1 | HP: 69/139 [demonic crawler (1)]
 32793 | Spider:1 | HP: 33/139 [wolf spider (4)]
 32804 | Spider:1 | Reached skill level 7 in Shields
 32840 | Spider:1 | HP: 58/139 [wolf spider (12)]
 32853 | Spider:1 | HP: 55/139 [demonic crawler (4)]
 33255 | Spider:1 | Reached skill level 8 in Shields
 34065 | Spider:2 | Reached skill level 9 in Shields
 34214 | Spider:2 | Reached XP level 16. HP: 130/147 MP: 21/21
 34230 | Spider:2 | Noticed Arachne
 34233 | Spider:2 | Killed Arachne
 34233 | Spider:2 | Reached skill level 10 in Shields
 34301 | Spider:2 | HP: 70/147 [bounced beam (10)]
 34306 | Spider:2 | HP: 66/147 [poisoned by a wolf spider]
 34311 | Spider:2 | HP: 65/147 [poisoned by a wolf spider]
 34317 | Spider:2 | HP: 63/147 [poisoned by a wolf spider]
 34322 | Spider:2 | HP: 64/147 [poisoned by a wolf spider]
 34327 | Spider:2 | HP: 65/147 [poisoned by a wolf spider]
 34334 | Spider:2 | HP: 66/147 [poisoned by a wolf spider]
 34343 | Spider:2 | HP: 69/147 [poisoned by a wolf spider]
 34348 | Spider:2 | HP: 71/147 [poisoned by a wolf spider]
 35240 | Spider:3 | Reached skill level 11 in Shields
 35530 | Spider:3 | HP: 73/147 [poisoned by a wolf spider]
 35535 | Spider:3 | HP: 70/147 [poisoned by a wolf spider]
 35540 | Spider:3 | HP: 67/147 [poisoned by a wolf spider]
 35545 | Spider:3 | HP: 40/147 [poisoned by a wolf spider]
 35551 | Spider:2 | HP: 31/147 [poisoned by a wolf spider]
 35556 | Spider:2 | HP: 32/147 [poisoned by a wolf spider]
 35563 | Spider:2 | HP: 34/147 [poisoned by a wolf spider]
 35570 | Spider:2 | HP: 37/147 [poisoned by a wolf spider]
 35578 | Spider:2 | HP: 41/147 [poisoned by a wolf spider]
 35732 | Spider:3 | Reached skill level 12 in Shields
 36628 | Spider:4 | Entered Level 4 of the Spider Nest
 36685 | Spider:4 | Noticed Mara
 37059 | Swamp:3  | Banished Roxanne
 37092 | Swamp:4  | Entered Level 4 of the Swamp
 37168 | Swamp:4  | HP: 66/147 [six-headed hydra (10)]
 37169 | Swamp:4  | Reached skill level 15 in Fighting
 37173 | Swamp:4  | HP: 49/149 [six-headed hydra (10)]
 37176 | Swamp:3  | HP: 23/149 [six-headed hydra (11)]
 37182 | Swamp:3  | HP: 49/223 [poisoned by a swamp dragon (blast of poison)]
 37187 | Swamp:3  | HP: 35/223 [poisoned by a swamp dragon (blast of poison)]
 37189 | Swamp:3  | HP: 6/149 [swamp dragon (19)]
 37196 | Swamp:3  | HP: 36/149 [poisoned by a swamp dragon (blast of poison)]
 37639 | Swamp:4  | Noticed a thorn hunter
 37653 | Swamp:4  | Killed a thorn hunter
 37905 | Swamp:4  | Reached skill level 13 in Dodging
 38004 | Swamp:4  | Noticed the 27-headed Lernaean hydra
 38007 | Swamp:4  | HP: 67/149 [the 27-headed Lernaean hydra (11)]
 38008 | Swamp:4  | HP: 31/149 [the 27-headed Lernaean hydra (10)]
 38008 | Swamp:4  | HP: 11/149 [the 27-headed Lernaean hydra (8)]
 38008 | Swamp:4  | Slain by the 27-headed Lernaean hydra

Vanquished Creatures
  Arachne (Spider:2)
  Kirke (D:12)
  A thorn hunter (Swamp:4)
  A frost giant (IceCv)
  An orc warlord (Orc:1)
  An emperor scorpion (Spider:1)
  15 hydras
  Harold (D:10)
  Erica (Orc:1)
  A ghost crab (Swamp:3)
  2 two-headed ogres
  4 alligators
  2 ogre magi (Orc:2)
  A death yak (IceCv)
  An orc high priest (Orc:1)
  Nergalle (D:10)
  A shambling mangrove (Swamp:2)
  6 swamp dragons
  Pikel (D:5)
  A spriggan druid (Swamp:4)
  8 orb spiders
  22 wolf spiders
  6 orc sorcerers
  4 ugly things
  A moth of wrath (Spider:4)
  2 manticores (D:11)
  A cyclops (D:11)
  A centaur zombie (D:12)
  An ice statue (IceCv)
  2 elephants (Lair:5)
  A black mamba (Lair:6)
  2 gargoyles (D:12)
  11 spiny frogs
  Psyche (D:10)
  A rime drake (Lair:6)
  4 centaur skeletons
  12 komodo dragons
  10 demonic crawlers
  The ghost of Thaneod the Bolt Thrower, an amateur MiHu (D:4)
  3 tyrant leeches
  2 trolls
  14 jumping spiders
  9 polar bears
  Grinder (D:3)
  13 hornets
  3 slime creatures
  14 blink frogs
  13 bog bodies
  2 hippogriffs
  A shadow (D:12)
  19 spriggans
  36 redbacks
  A wraith (D:11)
  49 yaks
  3 hogs (D:12)
  5 fire bats (D:12)
  25 tarantellas
  2 wyverns
  2 basilisks
  10 vampire mosquitoes
  A steam dragon (Lair:3)
  2 hungry ghosts
  2 wargs
  5 insubstantial wisps (Swamp:3)
  17 swamp worms
  9 water moccasins
  12 porcupines
  14 swamp drakes
  An ice beast (D:8)
  18 orc warriors
  2 sky beasts
  2 necrophages
  4 slaves (D:5)
  9 ogres
  19 wolves
  10 centaurs
  11 crocodiles
  4 big kobolds
  14 bullfrogs
  A water moccasin zombie (D:8)
  A gnoll sergeant (D:10)
  7 scorpions
  48 killer bees
  3 wights (D:12)
  4 electric eels
  5 howler monkeys
  A bullfrog zombie (D:5)
  12 crimson imps
  A quasit (D:4)
  2 jellies
  2 bullfrog skeletons
  6 hounds
  11 orc priests
  22 orc wizards
  Jessica (D:2)
  7 iguanas
  Natasha (D:3)
  4 hell rats (Lair:6)
  9 worker ants
  3 hound zombies
  A hound skeleton (D:7)
  A worker ant zombie (D:6)
  A howler monkey zombie (D:8)
  17 gnolls
  11 adders
  2 shadow imps
  2 adder skeletons
  A worm (D:4)
  5 leopard geckos
  67 orcs
  4 ball pythons
  4 giant cockroaches
  31 goblins
  28 hobgoblins
  7 quokkas
  14 bats
  7 frilled lizards
  26 kobolds
  9 rats
  3 briar patches
  3 fungi
  3 plants (Lair:1)
916 creatures vanquished.

Vanquished Creatures (collateral kills)
  An orc sorcerer (Orc:2)
  A slime creature (D:13)
  2 orc warriors (Orc:1)
  An ogre (Orc:2)
  2 orc wizards (Orc:2)
  6 orcs (Orc:1)
13 creatures vanquished.

Vanquished Creatures (others)
  An emperor scorpion (Spider:3)
  A spark wasp (Spider:3)
  A fire dragon (D:12)
  5 hydras
  A ghost crab (Swamp:1)
  A two-headed ogre (Orc:1)
  2 ogre magi (Orc:2)
  2 spriggan riders (Swamp:3)
  A spriggan druid (Swamp:4)
  4 shambling mangroves (Swamp:2)
  A swamp dragon (Swamp:2)
  2 ugly things (D:11)
  8 wolf spiders
  3 black mambas
  4 elephants (Lair:5)
  6 spiny frogs
  4 demonic crawlers
  3 komodo dragons
  5 jumping spiders
  A polar bear (IceCv)
  A tyrant leech (Swamp:1)
  A hornet (Swamp:2)
  3 slime creatures (Swamp:2)
  2 bog bodies (Swamp:4)
  2 hippogriffs
  7 spriggans
  4 redbacks
  3 tarantellas
  8 yaks
  A hog (D:12)
  2 vampires
  A basilisk (Lair:2)
  A vampire mosquito (Swamp:4)
  6 swamp worms
  3 water moccasins
  3 swamp drakes
  A porcupine (Lair:2)
  3 orc warriors
  A phantom (D:12)
  7 wolves
  An ogre (Orc:2)
  An ice beast (D:11)
  A centaur (D:12)
  A crocodile (Lair:4)
  A bullfrog (Lair:3)
  5 killer bees
  2 wights (D:12)
  An electric eel (Lair:2)
  2 orc wizards (Orc:2)
  3 orcs
  A briar patch (Swamp:1)
  A bush (Swamp:4)
  31 fungi
  46 plants
213 creatures vanquished.

Grand Total: 1142 creatures vanquished
